 Dungeon Crawl Stone Soup version 0.18.1-1-g2f07953 (webtiles) character file.

3587 Jerry the Blocker (level 10, -7/105 HPs)
             Began as a Human Fighter on May 6, 2016.
             Was an Initiate of the Shining One.
             Mangled by an ogre
             ... wielding a +0 giant spiked club
              (9 damage)
             ... while paralysed by an orc sorcerer
             ... on level 2 of the Orcish Mines.
             The game lasted 00:46:25 (10508 turns).

Jerry the Blocker (Human Fighter)                  Turns: 10508, Time: 00:46:26

Health: -7/105     AC: 30    Str: 19    XL:     10   Next: 31%
Magic:  10/10      EV:  2    Int: 14    God:    the Shining One [......]
Gold:   883        SH:  0    Dex: 19    Spells: 0 memorised, 9 levels left

rFire  + . .     SeeInvis +     E - +1 long sword (protect)
rCold  + . .     Gourm    .     (armour currently unavailable)
rNeg   + + +     Faith    .     c - +0 shield
rPois  +         Spirit   .     (helmet currently unavailable)
rElec  +         Dismiss  .     (cloak currently unavailable)
rCorr  +         Reflect  .     (gloves currently unavailable)
SustAt .         Harm     .     (boots currently unavailable)
MR     .....     NoTele   +     (no amulet)
Stlth  +.........               S - ring of see invisible
                                o - +6 ring of dexterity

@: paralysed, brilliant, tree-form, resistant, very slightly contaminated,
glowing, not resistant to hostile enchantments, very unstealthy
A: no striking features
a: Renounce Religion


You were on level 2 of the Orcish Mines.
You worshipped the Shining One.
The Shining One was noncommittal.
You were hungry.
You were a tree.
You visited 3 branches of the dungeon, and saw 12 of its levels.

You collected 883 gold pieces.

Inventory:

Hand Weapons
 E - a +1 long sword of protection (weapon)
Armour
 c - a +0 shield (worn)
 k - a +0 large shield
 n - a +0 pair of boots (melded)
 F - a +2 helmet (melded)
 J - a +0 pair of gloves (melded)
 V - a +2 robe of positive energy (melded)
Jewellery
 i - an uncursed ring of flight
 o - a +6 ring of dexterity (left branch)
 u - an uncursed ring of ice
 C - an uncursed ring of protection from cold
 M - an uncursed ring of protection from fire
 P - an uncursed ring of resist corrosion
 S - a ring of see invisible (right branch)
Wands
 L - a wand of disintegration (8/24)
 U - a wand of disintegration (10/24)
Scrolls
 a - 8 scrolls of identify
 l - a scroll of blinking
 m - a scroll of recharging
 p - a scroll of immolation
 t - a scroll of amnesia
 y - 3 scrolls of fog
 D - a scroll of teleportation
 K - a scroll of remove curse
Potions
 e - a potion of invisibility
 v - a potion of brilliance
 x - a potion of cure mutation
 B - a potion of magic
 H - a potion of lignification
Books
 I - a book of Battle

   Spells                             Type                      Level
   a - Infusion                       Charms                       1
   b - Shroud of Golubria             Charms/Translocation         2
   c - Song of Slaying                Charms                       2
   d - Spectral Weapon                Hexes/Charms                 3
   e - Regeneration                   Charms/Necromancy            3
Comestibles
 b - a royal jelly
 f - 6 bread rations
 g - 20 fruits
 h - 5 slices of pizza
 z - 3 beef jerkies
 A - 2 meat rations


   Skills:
 - Level 3.0 Fighting
 + Level 8.4 Long Blades
 + Level 8.7 Armour
 + Level 8.9 Shields


You had 9 spell levels left.
You didn't know any spells.

Dungeon Overview and Level Annotations

Branches:
Dungeon (9/15)             Temple (1/1) D:4             Orc (2/2) D:9
   Lair: D:8-11         Elf: Orc:2

Altars:
Ashenzari
Cheibriados
Dithmenos
Elyvilon
Fedhas
Gozag
Kikubaaqudgha
Makhleb
Nemelex Xobeh
Okawaru
Pakellas
Qazlal
Ru
Sif Muna
Trog
Vehumet
Xom
Yredelemnul
Zin
The Shining One


Message History

The orc sorcerer completely misses you.
The soul eater hits you but does no damage.
You block the orc's attack. The warg bites you but does no damage.
You block the orc's attack.
You hit the orc sorcerer but do no damage.
The orc sorcerer is moderately wounded.
The orc sorcerer hits you but does no damage.
You block the warg's attack.
The orc wizard casts a spell.
The orc wizard blinks!
You block the soul eater's attack. The orc completely misses you.
The orc hits you but does no damage.
You hit the orc sorcerer but do no damage.
The orc sorcerer is moderately wounded.
The soul eater disappears in a puff of smoke!
The warg bites you.
* * * LOW HITPOINT WARNING * * *
The orc sorcerer points at you and mumbles some strange words.
You suddenly lose the ability to move!
The ogre hits you with a giant spiked club!
You die...

.....#...
.........##
#.........##
........#..#####
#.....$........
#.............
#...o§)$......
#...O♣o.......
#...ho........
#.............
#..............
...............#
............§..#
......######....
#..... ....


You could see a warg, an orc sorcerer, an ogre and 2 orcs.

Vanquished Creatures
  A two-headed ogre (D:9)
  Menkaure (D:5)
  A water moccasin (D:8)
  An ice beast (D:9)
  6 orc warriors
  2 sky beasts
  A phantom (D:7)
  A centaur (D:5)
  An ogre (D:4)
  A crocodile (D:6)
  4 giant frogs
  3 scorpions
  5 wights (D:7)
  A centaur zombie (D:7)
  A quasit (D:5)
  The ghost of murphy the Caller, a weakling DESu of Yredelemnul (D:4)
  A giant frog zombie (D:8)
  2 hounds
  3 jellies
  12 orc wizards
  2 centaur skeletons
  A giant frog skeleton (D:4)
  A gnoll shaman (D:5)
  3 orc priests
  Jessica (D:2)
  2 iguanas
  6 worker ants
  A hound skeleton (D:7)
  A howler monkey skeleton (D:7)
  4 adders
  17 gnolls
  3 shadow imps
  An adder zombie (D:5)
  An adder skeleton (D:8)
  A dart slug (D:1)
  7 worms
  4 giant geckos
  20 orcs
  7 giant cockroaches
  6 hobgoblins
  5 jackals
  3 quokkas
  4 ball pythons
  5 bats
  2 giant gecko skeletons
  5 giant newts
  7 goblins
  5 kobolds
  2 quokka skeletons
  7 rats
183 creatures vanquished.

Notes
Turn   | Place    | Note
--------------------------------------------------------------
     0 | D:1      | Jerry the Human Fighter began the quest for the Orb.
     0 | D:1      | Reached XP level 1. HP: 18/18 MP: 1/1
   318 | D:1      | Reached XP level 2. HP: 24/24 MP: 2/2
   699 | D:1      | Reached XP level 3. HP: 29/29 MP: 3/3
  1117 | D:2      | Reached XP level 4. HP: 32/35 MP: 4/4
  1175 | D:2      | Noticed Jessica
  1178 | D:2      | Killed Jessica
  1312 | D:2      | You fall through a shaft!
  1595 | D:3      | Reached XP level 5. HP: 41/41 MP: 5/5
  2685 | D:3      | Found an oddly glowing altar of Pakellas.
  3019 | D:4      | Reached XP level 6. HP: 30/47 MP: 6/6
  3191 | D:4      | Noticed murphy's ghost (weakling DESu)
  3203 | D:4      | Killed murphy's ghost
  3434 | D:4      | Found a staircase to the Ecumenical Temple.
  3447 | Temple   | Entered the Ecumenical Temple
  4011 | D:4      | Reached skill level 5 in Shields
  4011 | D:4      | Reached XP level 7. HP: 32/52 MP: 7/7
  4168 | D:4      | Reached skill level 5 in Armour
  4627 | D:5      | Entered Level 5 of the Dungeon
  4661 | D:5      | Noticed Menkaure
  4831 | D:5      | Killed Menkaure
  4849 | D:5      | Reached XP level 8. HP: 48/58 MP: 8/8
  4873 | D:5      | Reached skill level 5 in Long Blades
  6504 | D:6      | Reached XP level 9. HP: 63/63 MP: 9/9
  8872 | D:8      | Found a blossoming altar of Fedhas.
  8899 | D:8      | HP: 3/63 [poisoned by a water moccasin]
  8906 | D:8      | HP: 2/63 [poisoned by a water moccasin]
  8913 | D:8      | HP: 1/63 [poisoned by a water moccasin]
  8921 | D:8      | HP: 1/63 [poisoned by a water moccasin]
  9354 | D:8      | Found a glowing golden altar of the Shining One.
  9364 | D:8      | Became a worshipper of the Shining One
  9511 | D:9      | Noticed a two-headed ogre
  9516 | D:9      | Killed a two-headed ogre
  9540 | D:9      | Reached XP level 10. HP: 70/70 MP: 10/10
  9572 | D:9      | Found a staircase to the Orcish Mines.
  9581 | Orc:1    | Entered Level 1 of the Orcish Mines
  9960 | Orc:2    | Entered Level 2 of the Orcish Mines
  9967 | Orc:2    | Noticed an orc knight
 10480 | Orc:2    | HP: 2/70 [orc warrior/hand axe[an orc knight] (11)]
 10484 | Orc:2    | Noticed an orc sorcerer
 10485 | Orc:2    | Gained mutation: Your body sometimes deteriorates upon taking damage. [potion of mutation]
 10485 | Orc:2    | Gained mutation: You are clumsy. (Dex -2) [potion of mutation]
 10485 | Orc:2    | Gained mutation: Your flesh is cold resistant. [potion of mutation]
 10489 | Orc:2    | Noticed a soul eater
 10490 | Orc:2    | Lost mutation: Your flesh is cold resistant. [potion of cure mutation]
 10490 | Orc:2    | Lost mutation: Your body sometimes deteriorates upon taking damage. [potion of cure mutation]
 10490 | Orc:2    | Lost mutation: You are clumsy. (Dex -2) [potion of cure mutation]
 10504 | Orc:2    | HP: 4/105 [soul eater[an orc knight] (3)]
 10508 | Orc:2    | Paralysed by an orc sorcerer for 4 turns
 10508 | Orc:2    | Mangled by an ogre

Skill      XL: |  1  2  3  4  5  6  7  8  9 10 |
---------------+-------------------------------+-----
Long Blades    | 3 4 6 7 8 |  8.4
Shields        | 4 5 6 8 |  8.9
Armour         | 4 5 6 8 |  8.7
Fighting       | |  3.0

Action                   |  1- 3 |  4- 6 |  7- 9 | 10-12 || total
-------------------------+-------+-------+-------+-------++-------
Melee: Long sword        |   113 |   192 |   437 |   137 ||   879
  Use: Scroll            |       |    10 |     7 |       ||    17
       Potion            |       |       |     8 |    13 ||    21
 Stab: Sleeping          |       |       |     2 |       ||     2
  Eat: Chunk             |     1 |     9 |    18 |     3 ||    31
       Fruit             |       |       |     1 |       ||     1
Armor: Scale mail        |    41 |    80 |   164 |       ||   285
       Robe              |       |       |    20 |    42 ||    62
       Skin              |       |       |       |    28 ||    28
Dodge: Dodged            |    35 |    50 |   122 |    43 ||   250
Block: Shield            |    71 |   102 |   241 |   117 ||   531
